 Dungeon Crawl Stone Soup version 0.28.0-53-g5a82cb258f (webtiles) character file.

Game seed: 34511819649404141

496 bnorton916 the Magician (level 6, -2/32 HPs)
             Began as a Deep Elf Fire Elementalist on July 6, 2022.
             Killed from afar by Dowan (10 damage)
             ... with a shard of ice
             ... on level 4 of the Dungeon on July 7, 2022.
             The game lasted 00:04:19 (6219 turns).

bnorton916 the Magician (DEFE)                      Turns: 6219, Time: 00:04:21

Health: -2/32      AC:  2    Str:  5    XL:     6   Next: 93%
Magic:  10/17      EV: 12    Int: 22    God:
Gold:   106        SH:  0    Dex: 15    Spells: 7/17 levels left

rFire   + . .      SeeInvis .   d - staff of fire
rCold   . . .      Faith    .   (no shield)
rNeg    . . .      Spirit   .   a - +0 robe
rPois   .          Reflect  .   (no helmet)
rElec   .          Harm     .   (no cloak)
rCorr   .          Rampage  .   (no gloves)
Will    .....                   (no boots)
Stlth   ++........              (no amulet)
HPRegen 0.10/turn               (no ring)
MPRegen 0.15/turn               (no ring)

@: no status effects
A: no striking features
a: no special abilities


You were on level 4 of the Dungeon.
You visited 1 branch of the dungeon, and saw 4 of its levels.

You collected 106 gold pieces.

Inventory:

Missiles
 b - 147 stones
Armour
 a - a +0 robe (worn)
Magical Staves
 d - a staff of fire (weapon)
Scrolls
 c - 2 scrolls of enchant armour {unknown}
 e - 5 scrolls of identify {unknown}
 k - a scroll of magic mapping {unknown}
 m - a scroll of fog {unknown}
 n - a scroll of enchant weapon {unknown}
Potions
 f - 2 potions of degeneration {unknown}
 g - a potion of magic {unknown}
 h - 2 potions of haste {unknown}
 i - a potion of curing {unknown}
 j - a potion of flight {unknown}
 l - a potion of lignification {unknown}


   Skills:
 - Level 2.4 Dodging
 - Level 2.4 Stealth
 + Level 6.2 Spellcasting
 + Level 4.6 Conjurations
 + Level 5.6 Fire Magic


You had 7 spell levels left.
You knew the following spells:

 Your Spells              Type           Power      Damage    Failure   Level
a - Foxfire               Conj/Fire      100%       2x1d9     1%          1
b - Scorch                Fire           94%        2d10      1%          2
c - Conjure Flame         Conj/Fire      44%        6-21      3%          3
d - Flame Wave            Conj/Fire      44%        2d10      11%         4

Your spell library contained the following spells:

 Spells                   Type           Power      Damage    Failure   Level
 Shock                    Conj/Air       68%        1d7       3%          1
 Inner Flame              Hex/Fire       28%        N/A       9%          3
 Gell's Gravitas          Tloc           6%         N/A       26%         3
 Lesser Beckoning         Tloc           6%         N/A       26%         3
 Swiftness                Air            6%         N/A       26%         3
 Teleport Other           Tloc           6%         N/A       26%         3
 Airstrike                Air            3%         N/A       65%         4


Dungeon Overview and Level Annotations

Branches:
Dungeon (4/15)
 Temple: D:4-7

Altars:
Cheibriados
Makhleb
Uskayaw
Xom

Shops:
D:2 !

Annotations:
D:4 Dowan


Message History

Confirm with . or Enter, or press ? or * to list all spells.
You feel a surge of power!
Flames lash Duvessa.
Duvessa is burned terribly!
You kill Duvessa!
Dowan seems overcome with grief.
Dowan seems to find hidden reserves of power!
Dowan mumbles some strange words.
Dowan blinks!
Your Spellcasting skill increases to level 6!
Dowan closely misses you.
Dowan says, "Her death will not be in vain!"
Dowan mumbles some strange words.
Dowan blinks!
Dowan casts a spell.
Dowan blinks!
You enter the shallow water.
Moving in this stuff is going to be slow.
Why would you want to do that?
You start resting.
Dowan is nearby!
Dowan is nearby!
Dowan is nearby!
Casting: Scorch (safe; 1% risk of failure)
Confirm with . or Enter, or press ? or * to list all spells.
You feel a surge of power!
You conjure some foxfire!
The foxfire hits Dowan.
Dowan is lightly wounded.
The foxfire hits Dowan!
Dowan is heavily wounded.
Casting: Foxfire (safe; 1% risk of failure)
Confirm with . or Enter, or press ? or * to list all spells.
You feel a surge of power!
You conjure some foxfire!
Dowan is engulfed in a cloud of scalding steam.
The foxfire hits Dowan.
Dowan is severely wounded.
The foxfire hits Dowan.
Dowan is severely wounded.
Dowan is engulfed in a cloud of scalding steam.
Dowan casts a spell at you. The shard of ice hits you!
You die...

........# #.##
........# ##..#
.#......###≈#.#
#........≈≈≈.#
#####..##.≈≈.#
..#..##.#≈§# #
#.#..##.#≈e# ..#
#.#..##)#.≈# ##
..##.#..##.#@§#
.###......##..§≈##
#.#.##.#.###...≈≈#
#............###≈#
#...##...##### #≈#
#...##..## ###
###..<##..#
......##..####
.............#


You could see Dowan (fast).

Vanquished Creatures
  Sigmund (D:4)
  Duvessa (D:4)
  An orc priest (D:3)
  An orc wizard (D:3)
  A hound zombie (D:4)
  3 gnolls
  4 adders
  An adder zombie (D:4)
  3 worms (D:3)
  6 dart slugs
  7 orcs (D:3)
  5 ball pythons
  8 bats
  6 endoplasms
  10 giant cockroaches
  4 goblins
  3 hobgoblins
  A jackal (D:3)
  5 kobolds
  6 quokkas
  3 frilled lizards
  7 rats
87 creatures vanquished.

Vanquished Creatures (others)
  453 foxfires
  2 withered plants (D:4)
455 creatures vanquished.

Grand Total: 542 creatures vanquished

Notes
Turn   | Place    | Note
-------+----------+-------------------------------------------
     0 | D:1      | bnorton916 the Deep Elf Fire Elementalist began the quest
                  | for the Orb.
     0 | D:1      | Reached XP level 1. HP: 10/10 MP: 6/6
   385 | D:1      | Reached XP level 2. HP: 15/15 MP: 4/8
  1282 | D:1      | Reached XP level 3. HP: 19/19 MP: 8/10
  2057 | D:1      | Reached skill level 4 in Spellcasting
  2422 | D:1      | Learned a level 2 spell: Scorch
  2426 | D:1      | Learned a level 3 spell: Conjure Flame
  2575 | D:2      | Reached XP level 4. HP: 16/24 MP: 6/12
  2981 | D:2      | Found Jaeptim's Distillery.
  3043 | D:2      | Found a shimmering altar of Xom.
  3749 | D:3      | Reached XP level 5. HP: 28/28 MP: 10/14
  3839 | D:3      | Found a snail-covered altar of Cheibriados.
  4121 | D:3      | Reached skill level 5 in Spellcasting
  4171 | D:3      | Found a faded altar of an unknown god.
  4295 | D:3      | Found a burning altar of Makhleb.
  4538 | D:3      | Found a hide-covered altar of Uskayaw.
  5568 | D:3      | Learned a level 4 spell: Flame Wave
  5961 | D:4      | Noticed Sigmund
  5978 | D:4      | Killed Sigmund
  5979 | D:4      | Reached skill level 5 in Fire Magic
  5979 | D:4      | Reached XP level 6. HP: 21/32 MP: 3/16
  6190 | D:4      | Noticed Duvessa
  6199 | D:4      | Noticed Dowan
  6200 | D:4      | Killed Duvessa
  6201 | D:4      | Reached skill level 6 in Spellcasting
  6219 | D:4      | Killed from afar by Dowan

Illustrated notes

Levels and vault maps discovered:
D:1:      dpeg_arrival_prison, layout_loops_corners
D:2:      layout_basic, basic_altar, serial_shops, shop_fountains
D:3:      kb_forest_paths, layout_basic, kennysheep_slug_shrine,
          mainiacjoe_overflow_tiny_flanked, lightli_temple_of_fire,
          ebering_ecumenical_altar_webs
D:4:      layout_loops_ring, serial_undead, serial_undead_a, serial_undead_e,
          serial_undead_c, serial_undead_d, cheibrodos_sewer_entry_drain,
          chequers_serial_rivers_small_a, minmay_a_box_with_orc_wizards_in_it,
          uniq_duvessa, uniq_sigmund

Skill      XL: |  1  2  3  4  5  6 |
---------------+-------------------+-----
Conjurations   | 2 3 4 |  4.6
Spellcasting   | 4 5 6 |  6.2
Fire Magic     | 4 5 |  5.6
Dodging        | |  2.4
Stealth        | |  2.4

Action                   |  1- 3 |  4- 6 || total
-------------------------+-------+-------++-------
 Cast: Foxfire           |   123 |   152 ||   275
       Scorch            |       |    10 ||    10
Armor: Robe              |     1 |     6 ||     7
Dodge: Dodged            |    17 |    10 ||    27
